 Dungeon Sprint DCSS version 0.16.1-28-gcc2312f (webtiles) character file.

697 Kidiri the Thaumaturge (level 7, -1/49 HPs)
             Began as a High Elf Fire Elementalist on May 28, 2015.
             Was a High Priest of Vehumet.
             Slain by a red devil
             ... wielding a +0 trident
             ... summoned by a kobold demonologist
              (16 damage)
             ... in the Dungeon (Sprint VII: "The Pits").
             The game lasted 00:09:42 (1570 turns).

Kidiri the Thaumaturge (High Elf Fire Elementalist) Turns: 1570, Time: 00:09:42

Health: -1/49      AC:  2    Str:  7    XL:     7   Next: 38%
Magic:  25/25      EV: 16    Int: 21    God:    Vehumet [*****.]
Gold:   0          SH:  0    Dex: 16    Spells: 7 memorised, 1 level left

rFire  . . .     SeeInvis .     q - +2 falchion (flame)
rCold  . . .     Clarity  .     a - +0 robe
rNeg   . . .     SustAb   .     (no shield)
rPois  .         Gourm    .     (no helmet)
rElec  .         Spirit   .     (no cloak)
rCorr  .         Warding  .     (no gloves)
rMut   .         NoTele   +     (no boots)
MR     .....                    (no amulet)
Stlth  +++.......               (no ring)
                                (no ring)

@: not resistant to hostile enchantments, fairly stealthy
A: no striking features
a: Renounce Religion


You were in the Dungeon.
You worshipped Vehumet.
Vehumet was extremely pleased with you.
You were not hungry.

You visited 1 branch

Inventory:

Hand weapons
 q - a +2 falchion of flaming (weapon)
Armour
 a - a +0 robe (worn)
Scrolls
 i - a scroll of blinking
 m - 3 scrolls of remove curse
 n - 5 scrolls of amnesia
 o - a scroll of summoning
Potions
 d - 6 potions of curing
 e - 5 potions of heal wounds
 f - a potion of haste
 g - 3 potions of magic
 h - 3 potions of berserk rage
 l - 2 potions of invisibility
Books
 b - a book of Flames

   Spells                             Type                      Level
   a - Flame Tongue                   Conjuration/Fire             1
   b - Throw Flame                    Conjuration/Fire             2
   c - Conjure Flame                  Conjuration/Fire             3
   d - Inner Flame                    Hexes/Fire                   3
   e - Sticky Flame                   Conjuration/Fire             4
   f - Fireball                       Conjuration/Fire             5
Comestibles
 c - 8 bread rations
 j - 40 fruits
 k - 6 meat rations


   Skills:
 + Level 4.8 Fighting
 + Level 5.9 Dodging
 + Level 6.4 Stealth
 * Level 8.1 Spellcasting
 * Level 7.9 Conjurations
 + Level 3.9 Hexes
 * Level 7.9 Fire Magic
 + Level 2.8 Air Magic
 + Level 1.9 Poison Magic


You had one spell level left.
You knew the following spells:

 Your Spells              Type           Power        Failure   Level  Hunger
a - Flame Tongue          Conj/Fire      #####        1%          1    None
b - Throw Flame           Conj/Fire      #####.       1%          2    None
c - Conjure Flame         Conj/Fire      #####...     1%          3    None
d - Inner Flame           Hex/Fire       ####....     1%          3    None
e - Sticky Flame          Conj/Fire      #####...     1%          4    ###....
f - Mephitic Cloud        Conj/Pois/Air  ####....     1%          3    None
g - Ignite Poison         Fire/Trmt      ####......   17%         5    #####..


Dungeon Overview and Level Annotations

Branches:
Dungeon (1/1)

Altars:
Ashenzari
Cheibriados
Dithmenos
Elyvilon
Fedhas
Gozag
Kikubaaqudgha
Makhleb
Nemelex Xobeh
Okawaru
Qazlal
Ru
Sif Muna
Trog
Vehumet
Xom
Yredelemnul
Zin
The Shining One
Beogh
Jiyva
Lugonu


Message History

You hit the hippogriff. You burn the hippogriff.
The hippogriff is heavily wounded.
The hippogriff burns!
The hippogriff is engulfed in roaring flames.
The hippogriff bites you! The hippogriff closely misses you.
The hippogriff barely misses you.
The kobold demonologist mumbles some strange words.
The red devil hits you from afar with a trident!!
You hit the hippogriff. You burn the hippogriff.
You kill the hippogriff!
Vehumet accepts your kill.
Vehumet offers you knowledge of Bolt of Fire.
Your Spellcasting skill increases to level 8!
The red devil hits you from afar with a trident!
Drink which item? (? for menu, Esc to quit)
Magic courses through your body.
The kobold demonologist is engulfed in roaring flames.
The kobold demonologist mumbles some strange words.
The red devil hits you from afar with a trident!
You die...

#)#..########...<...#
#.#..'.)))[##.......#
#.#..#.)))[##.......#
#'###########.......#
#....ยง..#..##########
#..#.#..#.## ###
#.##.##.#.# ...#
#.......#5#4...#
#.##.##.#@Kr5..+
#..#.#..#'#5...#
#..)....'.# ...#
########### ###


You could see a kobold demonologist, a red devil, a porcupine (inner flame), 2
quasits and a crimson imp.

Vanquished Creatures
  A bog body (D)
  A hippogriff (D)
  A deep elf fighter (D)
  An orc warrior (D)
  A brain worm (D)
  A quasit (D)
  A gnoll (D)
  2 river rats (D)
  A worm (D)
  An adder (D)
  2 giant mites (D)
  4 oozes (D)
  A bat zombie (D)
  2 giant cockroaches (D)
  2 quokkas (D)
22 creatures vanquished.

Notes
Turn   | Place    | Note
--------------------------------------------------------------
     0 | D        | Kidiri, the High Elf Fire Elementalist, began the quest for the Orb.
     0 | D        | Reached XP level 1. HP: 11/11 MP: 4/4
    24 | D        | Found a sacrificial altar of Ru.
    24 | D        | Found a basalt altar of Yredelemnul.
    24 | D        | Found a shadowy altar of Dithmenos.
    24 | D        | Found a deep blue altar of Sif Muna.
    24 | D        | Found a burning altar of Makhleb.
    24 | D        | Found a shimmering altar of Xom.
    24 | D        | Found an ancient bone altar of Kikubaaqudgha.
    24 | D        | Found a sparkling altar of Nemelex Xobeh.
    25 | D        | Found a glowing golden altar of the Shining One.
    25 | D        | Found a bloodstained altar of Trog.
    25 | D        | Found a shattered altar of Ashenzari.
    25 | D        | Found a white marble altar of Elyvilon.
    25 | D        | Found a snail-covered altar of Cheibriados.
    25 | D        | Found a blossoming altar of Fedhas.
    25 | D        | Found a radiant altar of Vehumet.
    25 | D        | Found a glowing silver altar of Zin.
    25 | D        | Found a corrupted altar of Lugonu.
    25 | D        | Found a viscous altar of Jiyva.
    25 | D        | Found a roughly hewn altar of Beogh.
    25 | D        | Found an iron altar of Okawaru.
    31 | D        | Found a stormy altar of Qazlal.
    32 | D        | Found an opulent altar of Gozag.
    35 | D        | Became a worshipper of Vehumet
    80 | D        | Noticed a brain worm
    85 | D        | Reached skill level 1 in Fighting
    85 | D        | Reached XP level 2. HP: 6/18 MP: 5/7
    89 | D        | Learned a level 2 spell: Throw Flame
   288 | D        | Killed a brain worm
   288 | D        | Reached skill level 4 in Spellcasting
   288 | D        | Reached skill level 5 in Fire Magic
   288 | D        | Reached XP level 3. HP: 20/25 MP: 6/12
   288 | D        | Reached XP level 4. HP: 24/30 MP: 7/15
   293 | D        | Learned a level 3 spell: Conjure Flame
   297 | D        | Learned a level 3 spell: Inner Flame
   357 | D        | Acquired Vehumet's first power
   357 | D        | Offered knowledge of Sting by Vehumet.
   357 | D        | Reached skill level 5 in Spellcasting
   363 | D        | Learned a level 4 spell: Sticky Flame
   552 | D        | Offered knowledge of Sandblast by Vehumet.
   653 | D        | Acquired Vehumet's second power
   656 | D        | Noticed a deep elf fighter
   660 | D        | Reached skill level 5 in Conjurations
   660 | D        | Reached skill level 1 in Hexes
   697 | D        | Killed a deep elf fighter
   697 | D        | Offered knowledge of Static Discharge by Vehumet.
   697 | D        | Reached skill level 5 in Stealth
   697 | D        | Reached skill level 6 in Spellcasting
   697 | D        | Reached XP level 5. HP: 4/36 MP: 7/19
   982 | D        | Noticed an orc warrior
   993 | D        | Killed an orc warrior
   993 | D        | Acquired Vehumet's third power
   993 | D        | Offered knowledge of Mephitic Cloud by Vehumet.
   993 | D        | Reached skill level 5 in Dodging
   993 | D        | Reached skill level 7 in Spellcasting
   993 | D        | Reached XP level 6. HP: 23/43 MP: 19/22
   998 | D        | Learned a level 3 spell: Mephitic Cloud
  1132 | D        | Noticed a bog body
  1153 | D        | Killed a bog body
  1153 | D        | Offered knowledge of Ignite Poison by Vehumet.
  1153 | D        | Reached skill level 1 in Poison Magic
  1477 | D        | Noticed a quasit
  1480 | D        | Reached XP level 7. HP: 49/49 MP: 20/24
  1491 | D        | Killed a quasit
  1498 | D        | Learned a level 5 spell: Ignite Poison
  1559 | D        | Noticed a porcupine
  1559 | D        | Noticed a hippogriff
  1559 | D        | Noticed a kobold demonologist
  1567 | D        | Noticed a red devil
  1569 | D        | Killed a hippogriff
  1569 | D        | Offered knowledge of Bolt of Fire by Vehumet.
  1569 | D        | Reached skill level 8 in Spellcasting
  1570 | D        | Slain by a red devil

Action                   |  1- 3 |  4- 6 |  7- 9 || total
-------------------------+-------+-------+-------++-------
Melee: Falchion          |     6 |    10 |     2 ||    18
 Cast: Flame Tongue      |     4 |    12 |    10 ||    26
       Conjure Flame     |       |     7 |     1 ||     8
       Throw Flame       |       |     6 |     2 ||     8
       Inner Flame       |       |     4 |     5 ||     9
       Sticky Flame      |       |     4 |     1 ||     5
  Use: Potion            |       |     1 |     1 ||     2
  Eat: Meat ration       |       |     1 |       ||     1
